 Dungeon Crawl Stone Soup version 0.31-a0-233-g139696dc86 (webtiles) character file.

Game seed: 9336854456745723182

159 qw the Shooter (level 5, -1/42 HPs)
             Began as a Minotaur Hexslinger on July 8, 2023.
             Slain by a gnoll bouda
             ... wielding a +0 club
              (2 damage)
             ... on level 4 of the Dungeon.
             The game lasted 00:00:52 (2144 turns).

qw the Shooter (Minotaur Hexslinger)                Turns: 2144, Time: 00:00:52

Health: -1/42      AC:  6    Str: 13    XL:     5   Next: 17%
Magic:  5/5        EV: 11    Int: 10    God:
Gold:   136        SH:  5    Dex: 14    Spells: 5/6 levels left

rFire   . . .        Y - +1 sling
rCold   . . .        (no shield)
rNeg    . . .        i - +0 ring mail
rPois   .            (helmet restricted)
rElec   .            (no cloak)
rCorr   .            e - +0 pair of gloves
SInv    .            (no boots)
Will    .....        s - amulet of reflection
Stlth   +            (no ring)
HPRegen 0.27/turn    (no ring)
MPRegen 0.09/turn

%: reflection
@: weakened
A: horns 2, retaliatory headbutt
a: no special abilities


You were on level 4 of the Dungeon.
You visited 1 branch of the dungeon, and saw 4 of its levels.

You collected 136 gold pieces.


Innate Abilities, Weirdness & Mutations

You have a pair of horns on your head.
You reflexively headbutt those who attack you in melee.


   Skills:
 + Level 2.6 Fighting
 - Level 5.2 Ranged Weapons
 - Level 1.3 Armour
 - Level 2.1 Dodging
 - Level 1.0 Spellcasting
 - Level 2.0 Hexes


You had 5 spell levels left.
You knew the following spells:

 Your Spells              Type           Power      Damage    Failure   Level
a - Slow                  Hex            16%        N/A       32%         1

Your spell library contained the following spells:

 Spells                   Type           Power      Damage    Failure   Level
 Inner Flame              Hex/Fire       2%         N/A       82%         3
 Portal Projectile        Hex/Tloc       4%         N/A       82%         3
 Cause Fear               Hex            2%         N/A       97%         4

Inventory:

Hand Weapons
 Y - a +1 sling (weapon)
Armour
 e - a +0 pair of gloves (worn)
 i - a +0 ring mail (worn)
Jewellery
 l - a ring of ice
 s - an amulet of reflection (around neck)
Scrolls
 p - 3 scrolls of identify
Potions
 a - a potion of might
 b - a potion of lignification {unknown}
 c - a potion of ambrosia {unknown}
 d - a potion of heal wounds {unknown}
 f - a potion of magic {unknown}
 g - a potion of haste {unknown}
 h - a potion of mutation {unknown}
 m - a potion of resistance
 o - a potion of curing {unknown}
 r - a potion of enlightenment {unknown}

Dungeon Overview and Level Annotations

Branches:
Dungeon (4/15)
 Temple: D:4-7

Altars:


Message History

You shoot a sling bullet.
The sling bullet hits the gnoll bouda but does no damage.
The gnoll bouda is moderately wounded.
The gnoll misses you. x2
The gnoll bouda hits you but does no damage.
You shoot a sling bullet.
The sling bullet closely misses the gnoll bouda.
You block the gnoll bouda's attack. The gnoll closely misses you.
The gnoll hits you from afar with a +0 spear.
You shoot a sling bullet.
The sling bullet hits the gnoll bouda but does no damage.
The gnoll bouda is moderately wounded.
The gnoll bouda hits you with a +0 club.
The gnoll hits you but does no damage.
The gnoll hits you from afar with a +0 spear.
The gnoll bouda misses you. The gnoll hits you but does no damage.
The gnoll barely misses you.
You shoot a sling bullet. The sling bullet hits the gnoll bouda.
The gnoll bouda is heavily wounded.
The gnoll is no longer moving quickly.
The gnoll hits you from afar with a +0 spear.
The gnoll bouda gazes fiercely through you!
You feel your attacks grow feeble. The gnoll bouda misses you.
The gnoll closely misses you.
You shoot a sling bullet.
The sling bullet barely misses the gnoll bouda.
You block the gnoll's attack.
The gnoll bouda hits you with a +0 club.
The gnoll barely misses you.
You shoot a sling bullet. The sling bullet hits the gnoll bouda.
The gnoll bouda is severely wounded.
The gnoll bouda gazes fiercely through you!
You feel as though you will be weak longer.
The gnoll bouda barely misses you.
The gnoll hits you from afar with a +0 spear.
The gnoll barely misses you.
You shoot a sling bullet.
The sling bullet closely misses the gnoll bouda.
The gnoll bouda hits you with a +0 club.
You die...

######
....#########
# #..........
#. #gg...#
#.###)##..#
## #...g@#
..... #.#
###.###
#.#%.<. #.
#.# .. g.. .
#####.#


g.g .. #.....# ... . ####.###.## g... #.........# #>........# #.........##.# You
could see a gnoll bouda and 2 gnolls.

Vanquished Creatures
  A scorpion (D:4)
  2 gnolls (D:4)
  3 adders
  An orc (D:4)
  8 ball pythons
  An endoplasm (D:2)
  3 giant cockroaches
  5 goblins
  5 hobgoblins
  5 kobolds
  2 quokkas (D:2)
  5 bats
  6 frilled lizards
  4 rats
51 creatures vanquished.

Notes
Turn   | Place    | Note
-------+----------+-------------------------------------------
     0 | D:1      | qw the Minotaur Hexslinger began the quest for the Orb.
     0 | D:1      | Reached XP level 1. HP: 16/16 MP: 1/1
     0 | D:1      | 0 ||| qw: Version: 0.3-a-46-gb1f654a
     0 | D:1      | 0 ||| qw: Game counter: 3549
     0 | D:1      | 0 ||| qw: Melee chars always use a shield: true
     0 | D:1      | 0 ||| qw: God list: Okawaru
     0 | D:1      | 0 ||| qw: Allow faded altars: false
     0 | D:1      | 0 ||| qw: Do Orc after clearing Dungeon:15 true
     0 | D:1      | 0 ||| qw: Do second Lair branch before Depths: true
     0 | D:1      | 0 ||| qw: Lair rune preference: random
     0 | D:1      | 0 ||| qw: Goals: Normal
     0 | D:1      | 0 ||| PLANNING D:1-11
   283 | D:1      | Reached skill level 3 in Ranged Weapons
   300 | D:1      | Reached XP level 2. HP: 21/23 MP: 2/2
   348 | D:1      | 348 ||| FLEEEEING.
   350 | D:1      | 350 ||| FLEEEEING.
   351 | D:1      | 351 ||| FLEEEEING.
   352 | D:1      | 352 ||| FLEEEEING.
   353 | D:1      | 353 ||| FLEEEEING.
   593 | D:1      | 593 ||| UPGRADING to +0 ring mail.
   603 | D:1      | 603 ||| DROPPING +0 robe.
   604 | D:1      | 604 ||| READING scroll labelled QAUQUGGAIW.
   605 | D:1      | 605 ||| READING scroll labelled TAICWA ZOYLLOCE.
   606 | D:1      | 606 ||| READING scroll labelled RISOENITUZ.
   607 | D:1      | 607 ||| DROPPING scroll of poison.
  1020 | D:2      | Reached XP level 3. HP: 29/29 MP: 3/3
  1281 | D:2      | 1281 ||| UPGRADING to +0 pair of gloves.
  1330 | D:3      | Identified the +4 hand axe "Pyic" {freeze, Fly rC- rN+++
                  | SInv}
  1441 | D:3      | Reached skill level 4 in Ranged Weapons
  1663 | D:3      | Reached skill level 1 in Armour
  1773 | D:3      | 1773 ||| UPGRADING to amulet of reflection.
  1778 | D:3      | 1778 ||| READING scroll labelled TAYNGA PIHO.
  1779 | D:3      | 1779 ||| READING 2 scrolls labelled LEAGIL PAREE.
  1780 | D:3      | 1780 ||| READING scroll labelled OBUOCOF TALO.
  1781 | D:3      | 1781 ||| DRINKING 2 dark potions.
  1782 | D:3      | 1782 ||| DRINKING 2 smoky emerald potions.
  1783 | D:3      | 1783 ||| READING 2 scrolls of identify.
  1783 | D:3      | 1783 ||| IDENTIFYING brown potion
  1784 | D:3      | 1784 ||| DROPPING potion of attraction.
  1785 | D:3      | 1785 ||| DROPPING scroll of revelation.
  1821 | D:4      | 1821 ||| PLANNING OSSUARY
  1846 | D:4      | Reached XP level 4. HP: 36/36 MP: 4/4
  2001 | D:4      | Noticed a scorpion
  2011 | D:4      | Killed a scorpion
  2012 | D:4      | Reached skill level 5 in Ranged Weapons
  2107 | D:4      | 2107 ||| Stepping ~*~*~tactically~*~*~ (outnumbered).
  2110 | D:4      | Reached XP level 5. HP: 41/41 MP: 5/5
  2115 | D:4      | 2115 ||| Stepping ~*~*~tactically~*~*~ (outnumbered).
  2116 | D:4      | 2116 ||| Stepping ~*~*~tactically~*~*~ (outnumbered).
  2141 | D:4      | HP: 10/42 [gnoll/+0 spear[a gnoll bouda] (5)]
  2143 | D:4      | HP: 1/42 [gnoll/+0 spear[a gnoll bouda] (4)]
  2144 | D:4      | Slain by a gnoll bouda

Levels and vault maps discovered:
D:1:      minmay_arrival_shoal_huts, layout_basic, bh_walls_and_bars
D:2:      layout_loops_ring, corexii_hall_statues_x
D:3:      layout_rooms, serial_curves, eino_curves_01, eino_curves_02,
          minmay_increasing_density
D:4:      layout_loops_ring, nicolae_ossuary_entry_false_entrances,
          minmay_stone_trees_small

Skill      XL: |  1  2  3  4 |
---------------+-------------+-----
Ranged Weapons | 3 4 5 |  5.2
Fighting       | 2 |  2.6
Armour         | 1 |  1.3
Dodging        | |  2.1
Spellcasting   | |  1.0
Hexes          | |  2.0

Action                     |  1- 3 |  4- 6 || total
---------------------------+-------+-------++-------
   Fire: Sling             |   114 |    51 ||   165
    Use: Scroll            |     7 |       ||     7
         Potion            |     2 |       ||     2
 Armour: Robe              |     5 |       ||     5
         Ring mail         |    16 |    14 ||    30
  Dodge: Dodged            |    43 |    30 ||    73
  Block: Other             |     1 |    14 ||    15

Table legend:
 A = Non-vault XP
 B = Vault XP
 C = Vault XP percentage of total XP
 D = Non-vault monster count
 E = Vault monster count
 F = Vault count percentage of total count
                 A         B        C        D         E       F
            +---------+---------+-------+---------+---------+-------
      Total |     191 |      37 |  16.2 |      42 |       9 |  17.6
            +---------+---------+-------+---------+---------+-------
        D:1 |      26 |       0 |   0.0 |      16 |       0 |   0.0
        D:2 |      17 |       0 |   0.0 |      11 |       0 |   0.0
        D:3 |       6 |      37 |  86.0 |       5 |       9 |  64.3
        D:4 |     142 |       0 |   0.0 |      10 |       0 |   0.0
            +---------+---------+-------+---------+---------+-------
